 Dungeon Crawl Stone Soup version 0.21.0-3-g78d12a8bdd (webtiles) character file.

1547 G3Kappa the Covered (level 8, 0/67 HPs)
             Began as a Minotaur Fighter on Jan 12, 2018.
             Succumbed to an orc wizard's poison
             ... on level 6 of the Dungeon.
             The game lasted 00:09:03 (5329 turns).

G3Kappa the Covered (Minotaur Fighter)              Turns: 5329, Time: 00:09:04

Health: 0/67       AC: 10    Str: 26    XL:     8   Next: 57%
Magic:  12/12      EV: 10    Int: 12    God:
Gold:   299        SH:  0    Dex: 10    Spells: 13/14 levels left

rFire    . . .     SeeInvis .   i - +4 war axe
rCold    . . .     Gourm    .   (no shield)
rNeg     . . .     Faith    +   n - +0 ring mail
rPois    .         Spirit   .   (helmet restricted)
rElec    .         Reflect  .   (no cloak)
rCorr    .         Harm     .   (no gloves)
MR       .....                  o - +2 pair of boots
Stlth    ..........             v - amulet of faith
HPRegen  0.21/turn              s - +5 ring of intelligence
MPRegen  0.13/turn              r - +5 ring of strength

@: lethally poisoned (0 -> -2), drained
A: retaliatory headbutt, horns 2
a: no special abilities


You were on level 6 of the Dungeon.
You were not hungry.

You visited 1 branch of the dungeon, and saw 6 of its levels.

You collected 299 gold pieces.

Inventory:

Hand Weapons
 i - a +4 war axe (weapon)
Armour
 a - a +0 leather armour
 b - a +0 scale mail
 c - a +0 shield
 n - a +0 ring mail (worn)
 o - a +2 pair of boots (worn)
Jewellery
 r - a +5 ring of strength (right hand)
 s - a +5 ring of intelligence (left hand)
 v - an amulet of faith (around neck)
Scrolls
 g - 5 scrolls of identify
 k - 5 scrolls of remove curse
 m - 2 scrolls of enchant weapon
Books
 p - a book of Maledictions

   Spells                             Type                      Level
   a - Corona                         Hexes                        1
   b - Ensorcelled Hibernation        Hexes/Ice                    2
   c - Confuse                        Hexes                        3
   d - Tukima's Dance                 Hexes                        3
   e - Dazzling Spray                 Conjuration/Hexes            3
Comestibles
 f - 11 rations


   Skills:
 - Level 4.3(4.0) Fighting
 + Level 6.0(5.7) Axes
 * Level 7.8(7.5) Armour
 - Level 3.6(3.3) Shields
 * Level 3.8(3.5) Spellcasting
 * Level 3.1(2.8) Hexes


You had 13 spell levels left.
You knew the following spells:

 Your Spells              Type           Power        Failure   Level  Hunger
a - Corona                Hex            #......      11%         1    #......


Dungeon Overview and Level Annotations

Branches:
Dungeon (6/15)
 Temple: D:4-7

Altars:
Gozag
Hepliaklqana
Xom


Innate Abilities, Weirdness & Mutations

You reflexively headbutt those who attack you in melee.
You have a pair of horns on your head.


Message History

As you read the scroll labeled TASIPN OBBU, it crumbles to dust.
You feel as if something is helping you.
It was a scroll of remove curse.
* * * LOW HITPOINT WARNING * * *
You feel sick.
As you read the scroll labeled VECIUTS XUFE, it crumbles to dust.
It is a scroll of enchant armour.
Your +0 pair of boots glows green for a moment.
Sorry, you're not good enough to have a special ability.
As you read the scroll of enchant armour, it crumbles to dust.
Your +1 pair of boots glows green for a moment.
* * * LOW HITPOINT WARNING * * *
You feel sick.
There is a lethal amount of poison in your body!
There is a lethal amount of poison in your body!
There is a lethal amount of poison in your body!
There is a lethal amount of poison in your body!
There is a lethal amount of poison in your body!
There is a lethal amount of poison in your body!
You die...

##.##.....##.# #.....#
#..####.###..# #.....#
#.## #.#....# #(....#
#.#####......####.....#
#.....................#
#.#######...........###
#.# #####(......#
#.######### #.......#
## #.....)@..#
#.......# #.
#########)#
#.......###. #.#
#........... #.#
#.......#... #.#
#######.#.#. ... #.#.#.
..... ..#... .......
###.## .......h. ...


There were no monsters in sight!

Vanquished Creatures
  Grinder (D:5)
  An orc warrior (D:5)
  A phantom (D:6)
  An ice beast (D:5)
  An ogre (D:5)
  A centaur (D:6)
  Blork the orc (D:5)
  A bullfrog (D:6)
  A scorpion (D:6)
  3 wights (D:6)
  A howler monkey (D:6)
  A crimson imp (D:5)
  A bullfrog zombie (D:6)
  A hound (D:4)
  5 orc priests
  4 orc wizards
  2 worker ants
  A worker ant zombie (D:5)
  4 adders
  An adder skeleton (D:4)
  A worm (D:3)
  3 dart slugs
  3 leopard geckos
  18 orcs
  6 giant cockroaches
  6 goblins
  9 hobgoblins
  6 jackals
  7 kobolds
  2 quokkas
  A ball python (D:1)
  8 bats
  4 frilled lizards
  8 rats
115 creatures vanquished.

Notes
Turn   | Place    | Note
-------+----------+-------------------------------------------
     0 | D:1      | G3Kappa the Minotaur Fighter began the quest for the Orb.
     0 | D:1      | Reached XP level 1. HP: 19/19 MP: 0/0
   199 | D:1      | Reached XP level 2. HP: 27/27 MP: 1/1
   294 | D:1      | Reached skill level 4 in Armour
   502 | D:1      | Reached XP level 3. HP: 30/33 MP: 3/3
   850 | D:2      | Reached skill level 1 in Spellcasting
  1001 | D:2      | Found a shimmering altar of Xom.
  1573 | D:2      | Reached XP level 4. HP: 38/40 MP: 4/4
  1599 | D:2      | Reached XP level 5. HP: 16/46 MP: 6/6
  2216 | D:3      | Reached skill level 5 in Armour
  2729 | D:4      | Learned a level 1 spell: Corona
  2830 | D:4      | Reached XP level 6. HP: 52/53 MP: 8/8
  3220 | D:4      | Found a hazy altar of Hepliaklqana.
  3382 | D:5      | Entered Level 5 of the Dungeon
  3386 | D:5      | Noticed an ice beast
  3393 | D:5      | Killed an ice beast
  3393 | D:5      | Reached skill level 1 in Hexes
  3515 | D:5      | Noticed an orc warrior
  3813 | D:5      | Killed an orc warrior
  3813 | D:5      | Reached skill level 6 in Armour
  3813 | D:5      | Reached XP level 7. HP: 60/60 MP: 9/9
  3938 | D:5      | Reached skill level 5 in Axes
  3959 | D:5      | HP: 3/60 [ogre/giant club (21)]
  4418 | D:5      | Noticed Blork the orc
  4426 | D:5      | Killed Blork the orc
  4466 | D:5      | Noticed Grinder
  4484 | D:5      | Killed Grinder
  4484 | D:5      | Reached skill level 7 in Armour
  4484 | D:5      | Reached XP level 8. HP: 35/67 MP: 11/11
  5249 | D:6      | Found an opulent altar of Gozag.
  5322 | D:6      | HP: 3/67 [poisoned by an orc wizard]
  5327 | D:6      | HP: 1/67 [poisoned by an orc wizard]
  5329 | D:6      | Succumbed to an orc wizard's poison

Skill      XL: |  1  2  3  4  5  6  7  8 |
---------------+-------------------------+-----
Armour         | 4 5 6 7 |  7.8
Axes           | 3 4 5 6 |  6.0
Spellcasting   | 1 2 3 |  3.8
Fighting       | 4 |  4.3
Hexes          | 1 2 3 |  3.1
Shields        | |  3.6

Action                   |  1- 3 |  4- 6 |  7- 9 || total
-------------------------+-------+-------+-------++-------
Melee: War axe           |    92 |   123 |    91 ||   306
       Headbutt          |    16 |    19 |    16 ||    51
 Cast: Corona            |       |       |     6 ||     6
  Use: Potion            |       |     4 |     5 ||     9
       Scroll            |       |     2 |     7 ||     9
  Eat: Chunk             |     2 |     6 |     4 ||    12
       Ration            |       |       |     1 ||     1
Armor: Scale mail        |    45 |    64 |    11 ||   120
       Ring mail         |       |       |    20 ||    20
Dodge: Dodged            |    36 |    43 |    45 ||   124
Block: Shield            |    45 |    60 |    17 ||   122
